 Dungeon Crawl Stone Soup version 0.29-a0-416-g83a48905f1 (webtiles) character file.

Game seed: 8700473909430111296

1 xian the Vexing (level 1, -3/15 HPs)
             Began as a Formicid Arcane Marksman on May 16, 2022.
             Slain by a goblin
             ... wielding a +0 club
              (4 damage)
             ... on level 1 of the Dungeon.
             The game lasted 00:00:45 (74 turns).

xian the Vexing (Formicid Arcane Marksman)            Turns: 74, Time: 00:00:46

Health: -3/15      AC:  2    Str: 14    XL:     1   Next: 22%
Magic:  2/2        EV: 12    Int: 12    God:
Gold:   0          SH:  0    Dex: 11    Spells: 1/2 levels left

rFire   . . .      SeeInvis +   d - +0 dagger
rCold   . . .      Faith    .   (no shield)
rNeg    . . .      Spirit   .   b - +0 robe
rPois   .          Reflect  .   (helmet unavailable)
rElec   .          Harm     .   (no cloak)
rCorr   .          Rampage  .   (no gloves)
Will    .....                   (no boots)
Stlth   +.........              (no amulet)
HPRegen 0.05/turn               (no ring)
MPRegen 0.08/turn               (no ring)

@: no status effects
A: permanent stasis, dig shafts and tunnels, antennae 3, four strong arms
a: Dig, Shaft Self


You were on level 1 of the Dungeon.
You visited 1 branch of the dungeon, and saw 1 of its levels.

Inventory:

Hand Weapons
 a - a +0 hunting sling
 d - a +0 dagger (weapon)
Armour
 b - a +0 robe (worn)
Scrolls
 c - a scroll of vulnerability


   Skills:
 + Level 1.1 Fighting
 + Level 2.2 Slings
 + Level 1.8 Dodging
 + Level 1.1 Spellcasting
 + Level 3.6 Hexes


You had one spell level left.
You knew the following spells:

 Your Spells              Type           Power      Damage    Failure   Level
a - Slow                  Hex            36%        N/A       7%          1

Your spell library contained the following spells:

 Spells                   Type           Power      Damage    Failure   Level
 Inner Flame              Hex/Fire       5%         N/A       38%         3
 Portal Projectile        Hex/Tloc       10%        N/A       38%         3
 Cause Fear               Hex            4%         N/A       56%         4


Dungeon Overview and Level Annotations

Branches:
Dungeon (1/15)

Altars:


Innate Abilities, Weirdness & Mutations

You cannot be hasted, slowed, berserked, paralysed or teleported.
You can dig through walls and to a lower floor.
You have a pair of large antennae on your head. (SInv)
Your four strong arms can wield two-handed weapons with a shield.


Message History

The kobold is severely wounded.
The kobold closely misses you.
The frilled lizard unfolds its giant frill.
You hit the kobold.
You kill the kobold!
The bat hits you.
You hit the frilled lizard.
You kill the frilled lizard!
The bat closely misses you. The bat closely misses you.
Things that are here:
a +0 dagger; a kobold corpse The bat hits you but does no damage.
You miss the bat. The bat closely misses you.
Found 16 gold pieces.
The bat hits you but does no damage. The bat closely misses you.
A goblin comes into view. It is wielding a +0 club.
The goblin shouts!
The bat closely misses you. The bat hits you.
The bat hits you but does no damage. The bat attacks as you move away!
The bat hits you. The bat barely misses you.
Things that are here:
a +0 dagger; a kobold corpse
d - a +0 dagger The bat closely misses you. x2
d - a +0 dagger (weapon)
The bat barely misses you. The bat closely misses you.
The goblin completely misses you. The bat barely misses you.
The goblin hits you with a +0 club.
You hit the goblin but do no damage. The bat hits you.
The goblin hits you but does no damage.
You closely miss the goblin. The bat barely misses you. The bat hits you.
The goblin closely misses you.
You hit the goblin but do no damage. The bat hits you but does no damage.
The goblin hits you with a +0 club.
* * * LOW HITPOINT WARNING * * *
The bat hits you but does no damage.
You hit the goblin but do no damage. The bat closely misses you.
The goblin hits you with a +0 club.
You die...

####≈≈≈.≈≈≈####≈
≈≈≈≈≈≈≈.≈≈≈≈≈≈≈≈##
..................
####.#.#.######.##
.....#.#####....
###.#.#.#.$.....
#.#.#.#....# #
#.#†#....#
#.#..@b..+
#.#g...#
#..........
#.#.#......
#.#.###..#. #.#.#
.... #.#.. ...
..#.. #.


You could see a goblin and a bat.

Vanquished Creatures
  A frilled lizard (D:1)
  A kobold (D:1)
2 creatures vanquished.

Notes
Turn   | Place    | Note
-------+----------+-------------------------------------------
     0 | D:1      | xian the Formicid Arcane Marksman began the quest for the
                  | Orb.
     0 | D:1      | Reached XP level 1. HP: 15/15 MP: 2/2
    74 | D:1      | Slain by a goblin

Illustrated notes

Levels and vault maps discovered:
D:1:      heliophobic_arrival_glass_houses, layout_basic, minivault_25

Action                   || total
-------------------------++-------
Melee: Unarmed           ||    19
       Dagger            ||     4
 Cast: Slow              ||     2
Armor: Robe              ||     9
Dodge: Dodged            ||    24

Table legend: (Time is in decaauts)
 A = Elapsed time spent in this place.
 B = Non-inter-level travel time spent in this place.
 C = Inter-level travel time spent in this place.
 D = Time resting spent in this place.
 E = Time spent auto-exploring this place.
 F = Levels seen in this place.
 G = Mean time per level.
                   A        B        C        D        E       F      G
               +--------+--------+--------+--------+--------+-----+--------+
         Total |     72 |     72 |      0 |      0 |     32 |   1 |   72.0 |
       Dungeon |     72 |     72 |      0 |      0 |     32 |   1 |   72.0 |
               +--------+--------+--------+--------+--------+-----+--------+

Top non-repeatable levels by time:
     D:1: 72 daAuts
